 Dungeon Crawl Stone Soup version 0.18.1-5-g4a78601 (webtiles) character file.

153 LORDOFBUTT the Covert (level 5, -1/26 HPs)
             Began as a Spriggan Assassin on May 11, 2016.
             Slain by Terence
             ... wielding a +4 short sword of draining
              (4 damage)
             ... on level 2 of the Dungeon.
             The game lasted 00:06:01 (1837 turns).

LORDOFBUTT the Covert (Spriggan Assassin)           Turns: 1837, Time: 00:06:01

Health: -1/26      AC:  3    Str:  7    XL:     5   Next: 12%
Magic:  6/6        EV: 22    Int: 12    God:
Gold:   80         SH:  0    Dex: 24    Spells: 0 memorised, 4 levels left

rFire  . . .     SeeInvis +     a - +3 dagger
rCold  . . .     Gourm    .     c - +0 robe
rNeg   . . .     Faith    .     (shield restricted)
rPois  .         Spirit   .     (helmet restricted)
rElec  .         Dismiss  .     d - +0 cloak
rCorr  .         Reflect  .     (gloves unavailable)
SustAt .         Harm     .     (boots unavailable)
MR     .....                    (no amulet)
Stlth  +++++.....               (no ring)
                                (no ring)

@: agile, heavily drained, very quick, not resistant to hostile enchantments,
quite stealthy
A: unfitting armour, see invisible, herbivore 3, speed 3, slow metabolism 2
a: no special abilities


You were on level 2 of the Dungeon.
You were not hungry.

You visited 1 branch of the dungeon, and saw 2 of its levels.

You collected 80 gold pieces.

Inventory:

Hand Weapons
 a - a +3 dagger (weapon)
 b - a +0 blowgun
Missiles
 e - 18 poisoned needles
Armour
 c - a +0 robe (worn)
 d - a +0 cloak (worn)
Scrolls
 j - 4 scrolls of remove curse {unknown}
 p - a scroll of blinking {unknown}
 q - a scroll of noise {unknown}
Potions
 h - a potion of degeneration {unknown}
 k - a potion of magic {unknown}
 l - 2 potions of curing {unknown}
Comestibles
 g - 2 bread rations


   Skills:
 + Level 1.8(0.4) Fighting
 + Level 2.5(1.0) Short Blades
 + Level 3.1(1.6) Throwing
 + Level 3.0(1.5) Dodging
 + Level 8.1(6.5) Stealth


You had 4 spell levels left.
You didn't know any spells.

Dungeon Overview and Level Annotations

Branches:
Dungeon (2/15)

Altars:

Annotations:
D:2 Terence


Innate Abilities, Weirdness & Mutations

You are tiny and cannot use many weapons and most armour.
You have supernaturally acute eyesight.
You are a herbivore.
You cover ground extremely quickly.
You need consume almost no food.


Message History

You closely miss Terence.
Terence is lightly wounded.
You hit Terence but do no damage.
Terence is lightly wounded.
Terence closely misses you.
You hit Terence but do no damage.
Terence is lightly wounded.
Terence closely misses you.
You hit Terence but do no damage.
Terence is lightly wounded.
Terence hits you with a short sword of draining.
* * * LOW HITPOINT WARNING * * *
You feel drained.
You closely miss Terence.
Terence is lightly wounded.
Terence barely misses you.
You hit Terence.
Terence is lightly wounded.
Terence hits you with a short sword of draining.
You die...

#.## #.###.# #.#
#..##(# ..#
##..#(#### .##
##......# .##
#......# ..##
#..(...# #..#
#......# ##.#
#..(...# #.###
#.....@# #.<.##
#..(..@#
###..#####......#
##....##......#
########..########
.......##....#
######.......#
#####...# #...#


You could see Terence.

Vanquished Creatures
  A centaur skeleton (D:2)
  Robin (D:2)
  3 gnolls (D:2)
  3 adders (D:2)
  A worm (D:2)
  2 dart slugs
  A giant gecko (D:2)
  A giant cockroach (D:2)
  9 goblins (D:2)
  10 hobgoblins
  4 jackals (D:2)
  5 kobolds
  5 bats (D:2)
  2 giant newts (D:1)
  4 rats
52 creatures vanquished.

Notes
Turn   | Place    | Note
--------------------------------------------------------------
     0 | D:1      | LORDOFBUTT the Spriggan Assassin began the quest for the Orb.
     0 | D:1      | Reached XP level 1. HP: 10/10 MP: 2/2
    67 | D:1      | Reached skill level 6 in Stealth
   127 | D:1      | Reached XP level 2. HP: 5/15 MP: 3/3
   680 | D:2      | Reached skill level 7 in Stealth
   680 | D:2      | Reached XP level 3. HP: 2/18 MP: 4/4
   948 | D:2      | Reached XP level 4. HP: 12/23 MP: 5/5
  1150 | D:2      | Noticed Robin
  1239 | D:2      | HP: 1/23 [goblin/club[Robin] (3)]
  1293 | D:2      | Killed Robin
  1632 | D:2      | Reached skill level 8 in Stealth
  1632 | D:2      | Reached XP level 5. HP: 15/26 MP: 6/6
  1784 | D:2      | Noticed Terence
  1837 | D:2      | Slain by Terence

Skill      XL: |  1  2  3  4 |
---------------+-------------+-----
Stealth        | 6 7 8 |  8.1
Dodging        | 3 |  3.0
Throwing       | 3 |  3.1
Fighting       | |  1.8
Short Blades   | |  2.5

Action                   |  1- 3 |  4- 6 || total
-------------------------+-------+-------++-------
Melee: Dagger            |    37 |    97 ||   134
 Fire: Blowgun           |    33 |    20 ||    53
  Use: Potion            |       |     3 ||     3
       Scroll            |       |     2 ||     2
 Stab: Sleeping          |     2 |     3 ||     5
Armor: Robe              |    11 |    13 ||    24
Dodge: Dodged            |    33 |   102 ||   135
